 Dungeon Crawl Stone Soup version 0.23-a0-677-g07611c5 (webtiles) character file.

443 JeffiDaFish the Shield-Bearer (level 7, -1/44 HPs)
             Began as a Gargoyle Fighter on Jan 9, 2019.
             Slain by an orc wizard
             ... wielding a +0 dagger
              (2 damage)
             ... on level 4 of the Dungeon.
             The game lasted 00:07:23 (3143 turns).

JeffiDaFish the Shield-Bearer (Gargoyle Fighter)    Turns: 3143, Time: 00:07:24

Health: -1/44      AC: 15    Str: 26 (28) XL:     7   Next: 2%
Magic:  7/7        EV:  8    Int:  9      God:
Gold:   149        SH: 10    Dex:  9      Spells: 6/6 levels left

rFire    . . .     SeeInvis .   e - +2 whip (holy)
rCold    . . .     Gourm    .   c - +0 shield
rNeg     + . .     Faith    .   b - +0 scale mail
rPois    ∞         Spirit   .   i - +1 helmet
rElec    +         Reflect  .   m - +0 cloak
rCorr    .         Harm     .   (no gloves)
MR       .....                  (no boots)
Stlth    ..........             (no amulet)
HPRegen  0.14/turn              (no ring)
MPRegen  0.10/turn              (no ring)

@: mighty
A: deterioration 2, negative energy resistance 1, electricity resistance, strong
1, unbreathing, petrification resistance, rot immunity, AC +4
a: no special abilities


You were on level 4 of the Dungeon.
You were hungry.

You visited 1 branch of the dungeon, and saw 4 of its levels.

You collected 149 gold pieces.

Inventory:

Hand Weapons
 a - a +0 flail
 e - a +2 whip of holy wrath (weapon)
Armour
 b - a +0 scale mail (worn)
 c - a +0 shield (worn)
 i - a +1 helmet (worn)
 m - a +0 cloak (worn)
Scrolls
 h - 7 scrolls of identify
 j - 2 scrolls of remove curse
 k - 3 scrolls of teleportation
 l - 5 scrolls of enchant armour
Potions
 g - a potion of haste
Comestibles
 f - 8 rations


   Skills:
 + Level 4.4 Fighting
 + Level 4.0 Maces & Flails
 + Level 4.4 Armour
 + Level 1.4 Dodging
 + Level 0.4 Stealth
 + Level 5.4 Shields


You had 6 spell levels left.
You didn't know any spells.
Your spell library was empty.

Dungeon Overview and Level Annotations

Branches:
Dungeon (4/15)
 Temple: D:4-7

Altars:
Sif Muna


Innate Abilities, Weirdness & Mutations

You are resistant to torment.
Your stone body is resilient. (AC +4)
You are immune to poison.
You resist negative energy. (rN+)
You are resistant to electric shocks. (rElec)
You can survive without breathing.
You are immune to petrification.
You are immune to rotting.
Your body often deteriorates upon taking damage.
Your muscles are strong. (Str +2)


Message History

You block something's attack.
The orc wizard gestures wildly while chanting.
The orc wizard blinks!
You feel very mighty all of a sudden.
Something hits you but does no damage. x2; The orc priest barely misses you.
Your shield and scale mail prevent you from hitting the orc priest.
The orc priest is heavily wounded.
Something hits you but does no damage. Something completely misses you.
You block the orc priest's attack.
You closely miss the orc priest.
The orc priest is heavily wounded.
You block something's attack.
The orc wizard hits you but does no damage.
Something hits you.
* * * LOW HITPOINT WARNING * * *
The orc priest hits you but does no damage.
You barely miss the orc priest.
The orc priest is heavily wounded.
Something hits you.
You die...

.#.....# .####
.#....######....##
.#....##...#.....# .
###....#.........# ..
.##....'.........# ..
..'...##...###..## .#
.##...##...###..###..###
.##...##.....>...{......
.##....)......?.@o....$.
###...########...o......
.##...# .... #...##..##.
.##...##.... #...# .#
###........ ....+ ..
.##........ #....# ..
...)..##### ##...# .
....).# #...# ###...#


You could see an orc priest and an orc wizard.

Vanquished Creatures
  Duvessa (D:4)
  A phantom (D:4)
  Dowan (D:4)
  Crazy Yiuf (D:3)
  Ijyb (D:4)
  Robin (D:3)
  3 adders
  A gnoll (D:1)
  A river rat (D:3)
  3 oozes
  An adder skeleton (D:4)
  3 worms
  2 dart slugs
  2 leopard geckos
  3 orcs (D:2)
  3 giant cockroaches
  24 goblins
  12 hobgoblins
  2 quokkas (D:2)
  2 ball pythons (D:3)
  6 bats
  2 frilled lizards
  4 kobolds
  8 rats
88 creatures vanquished.

Notes
Turn   | Place    | Note
-------+----------+-------------------------------------------
     0 | D:1      | JeffiDaFish the Gargoyle Fighter began the quest for the
                  | Orb.
     0 | D:1      | Reached XP level 1. HP: 14/14 MP: 1/1
    62 | D:1      | Reached XP level 2. HP: 11/19 MP: 2/2
   345 | D:1      | Reached XP level 3. HP: 24/24 MP: 3/3
  1073 | D:2      | Reached XP level 4. HP: 23/29 MP: 4/4
  1756 | D:3      | Reached skill level 4 in Shields
  1819 | D:3      | Found a runed door.
  1823 | D:3      | Noticed Crazy Yiuf
  1835 | D:3      | Killed Crazy Yiuf
  1835 | D:3      | Reached XP level 5. HP: 9/33 MP: 5/5
  2118 | D:3      | Noticed Robin
  2153 | D:3      | Killed Robin
  2478 | D:3      | Gained mutation: Your body sometimes deteriorates upon
                  | taking damage. [potion of mutation]
  2478 | D:3      | Gained mutation: Your body often deteriorates upon taking
                  | damage. [potion of mutation]
  2478 | D:3      | Gained mutation: Your muscles are strong. (Str +2) [potion
                  | of mutation]
  2828 | D:4      | Noticed Duvessa
  2829 | D:4      | Noticed Dowan
  2856 | D:4      | Killed Duvessa
  2856 | D:4      | Reached skill level 1 in Dodging
  2856 | D:4      | Reached XP level 6. HP: 26/38 MP: 6/6
  2876 | D:4      | Killed Dowan
  2876 | D:4      | Reached skill level 5 in Shields
  2898 | D:4      | Found a deep blue altar of Sif Muna.
  2922 | D:4      | Noticed a phantom
  2942 | D:4      | Killed a phantom
  2948 | D:4      | Noticed Ijyb
  2952 | D:4      | Paralysed by Ijyb for 4 turns
  2969 | D:4      | Paralysed by Ijyb for 6 turns
  2989 | D:4      | Killed Ijyb
  2989 | D:4      | Reached XP level 7. HP: 41/44 MP: 7/7
  3142 | D:4      | HP: 1/44 [something (4)]
  3143 | D:4      | Slain by an orc wizard

Vault maps used:
D:1:      ncdulo_wetmaze, minmay_misc_feat_cross, minmay_tetromino_t4
D:2:      kennysheep_the_goblin_king, minmay_crystal_room,
          guppyfry_early_orc_mine
D:3:      portal_sewer_entry_e, uniq_crazy_yiuf_cottage, uniq_robin
D:4:      led_sif_pool, first_ration, nicolae_zen_rock_garden, uniq_ijyb,
          uniq_pikel, uniq_duvessa

Skill      XL: |  1  2  3  4  5  6 |
---------------+-------------------+-----
Fighting       | 4 |  4.4
Shields        | 4 5 |  5.4
Maces & Flails | 3 4 |  4.0
Armour         | 4 |  4.4
Dodging        | 1 |  1.4
Stealth        | |  0.4

Action                   |  1- 3 |  4- 6 |  7- 9 || total
-------------------------+-------+-------+-------++-------
Melee: Flail             |    16 |       |       ||    16
       Whip              |    94 |   301 |    13 ||   408
  Use: Scroll            |     5 |     1 |     1 ||     7
       Potion            |     1 |     6 |     1 ||     8
  Eat: Chunk             |       |     7 |       ||     7
Armor: Scale mail        |    52 |   142 |    18 ||   212
Dodge: Dodged            |    24 |    74 |     2 ||   100
Block: Shield            |    63 |   146 |     8 ||   217

Table legend:
 A = Non-vault XP
 B = Vault XP
 C = Vault XP percentage of total XP
 D = Non-vault monster count
 E = Vault monster count
 F = Vault count percentage of total count
                 A         B        C        D         E       F
            +---------+---------+-------+---------+---------+-------
      Total |     258 |     375 |  59.2 |      47 |      41 |  46.6
            +---------+---------+-------+---------+---------+-------
        D:1 |      47 |       2 |   4.1 |      16 |       2 |  11.1
        D:2 |      40 |      30 |  42.9 |      12 |      14 |  53.8
        D:3 |      40 |     117 |  74.5 |      15 |      22 |  59.5
        D:4 |     131 |     226 |  63.3 |       4 |       3 |  42.9
            +---------+---------+-------+---------+---------+-------
